 Dungeon Crawl Stone Soup version 0.18.1-8-gdd0e5ea (webtiles) character file.

88 deorigin the Ruffian (level 4, 0/39 HPs)
             Began as a Minotaur Monk on June 1, 2016.
             Slain by Sigmund
             ... wielding a +0 scythe
              (6 damage)
             ... on level 2 of the Dungeon.
             The game lasted 00:01:44 (846 turns).

deorigin the Ruffian (Minotaur Monk)                 Turns: 846, Time: 00:01:45

Health: 0/39       AC:  5    Str: 15    XL:     4   Next: 29%
Magic:  3/3        EV: 14    Int:  8    God:
Gold:   147        SH:  0    Dex: 13    Spells: 0 memorised, 3 levels left

rFire  . . .     SeeInvis .       - Unarmed
rCold  . . .     Gourm    .     i - +0 ring mail
rNeg   . . .     Faith    .     (no shield)
rPois  .         Spirit   .     (helmet restricted)
rElec  .         Dismiss  .     (no cloak)
rCorr  .         Reflect  .     (no gloves)
SustAt .         Harm     .     (no boots)
MR     .....                    (no amulet)
Stlth  ..........               (no ring)
                                k - +2 ring of evasion

@: confused, not resistant to hostile enchantments, extremely unstealthy
A: retaliatory headbutt, horns 2
a: no special abilities


You were on level 2 of the Dungeon.
You were not hungry.

You visited 1 branch of the dungeon, and saw 2 of its levels.

You collected 147 gold pieces.

Inventory:

Armour
 a - a +0 robe
 i - a +0 ring mail (worn)
Jewellery
 k - a +2 ring of evasion (left hand)
Wands
 p - a wand of polymorph (10/24)
Scrolls
 g - a scroll of blinking {unknown}
 l - a scroll of random uselessness {unknown}
 n - a scroll of magic mapping {unknown}
 s - a scroll of fog {unknown}
Potions
 d - a potion of mutation {unknown}
 e - a potion of might {unknown}
 h - 3 potions of curing {unknown}
 m - a potion of magic {unknown}
 o - a potion of lignification {unknown}
 r - a potion of haste {unknown}
Books
 f - a book of Changes

   Spells                             Type                      Level
   a - Beastly Appendage              Transmutation                1
   b - Sticks to Snakes               Transmutation                2
   c - Spider Form                    Transmutation/Poison         3
   d - Ice Form                       Ice/Transmutation            4
   e - Blade Hands                    Transmutation                5
 q - a book of Burglary

   Spells                             Type                      Level
   a - Swiftness                      Charms/Air                   2
   b - Passwall                       Transmutation/Earth          2
   c - Passage of Golubria            Translocation                4
   d - Lee's Rapid Deconstruction     Earth                        5
   e - Darkness                       Hexes                        6
   f - Invisibility                   Hexes                        6
Comestibles
 b - 5 bread rations
 c - a slice of pizza
 j - 2 fruits
 t - a chunk of flesh


   Skills:
 - Level 3.6 Fighting
 - Level 3.2 Dodging
 - Level 1.5 Stealth
 + Level 6.4 Unarmed Combat


You had 3 spell levels left.
You didn't know any spells.

Dungeon Overview and Level Annotations

Branches:
Dungeon (2/15)

Altars:

Annotations:
D:2 Sigmund


Innate Abilities, Weirdness & Mutations

You reflexively headbutt those who attack you in melee.
You have a pair of horns on your head.


Message History

You hear some strange, mumbled words.
A puff of flame appears from out of thin air!
The puff of flame misses you.
You closely miss something. Something hits you but does no damage.
You miss something. Your headbutt misses something. You hit something.
You hear some strange, mumbled words.
Something tries to affect you, but you resist.
You miss something. You headbutt something.
You hear some strange, mumbled words.
Something tries to affect you, but you resist.
You miss something. Something barely misses you.
You closely miss something. You miss something.
You hear some strange, mumbled words.
You are confused.
Something hits you!
* * * LOW HITPOINT WARNING * * *
Something hits you.
You die...

####### ####
###########.....##.....
#.......##....<.........##
#.......#...@....>.......#
#.......#................#
#.......#...{............#
#.......#................# #
#.......#................# ##
#.......#................#
.## #..>....##..............#
..###..)....###..?..##.....##
#..####..#### ########.#..##


There were no monsters in sight!

Vanquished Creatures
  Ijyb (D:2)
  Natasha (D:2)
  An adder (D:2)
  An ooze (D:2)
  A dart slug (D:1)
  2 ball pythons (D:1)
  4 goblins (D:1)
  A hobgoblin (D:1)
  4 jackals (D:1)
  3 kobolds (D:1)
  3 bats (D:1)
  2 giant newts (D:2)
24 creatures vanquished.

Notes
Turn   | Place    | Note
--------------------------------------------------------------
     0 | D:1      | deorigin the Minotaur Monk began the quest for the Orb.
     0 | D:1      | Reached XP level 1. HP: 19/19 MP: 0/0
    68 | D:1      | Reached XP level 2. HP: 24/26 MP: 1/1
    72 | D:1      | Reached skill level 5 in Unarmed Combat
   646 | D:2      | Reached XP level 3. HP: 30/31 MP: 2/2
   745 | D:2      | Noticed Ijyb
   766 | D:2      | Killed Ijyb
   766 | D:2      | Reached skill level 6 in Unarmed Combat
   791 | D:2      | Noticed Natasha
   797 | D:2      | Killed Natasha
   797 | D:2      | Reached XP level 4. HP: 38/39 MP: 3/3
   823 | D:2      | Noticed Sigmund
   846 | D:2      | Slain by Sigmund

Skill      XL: |  1  2  3 |
---------------+----------+-----
Unarmed Combat | 5 6 |  6.4
Fighting       | |  3.6
Dodging        | |  3.2
Stealth        | |  1.5

Action                   |  1- 3 |  4- 6 || total
-------------------------+-------+-------++-------
Melee: Unarmed           |    63 |    17 ||    80
       Headbutt          |     6 |     4 ||    10
       Punch             |     2 |     1 ||     3
Armor: Robe              |    11 |       ||    11
       Ring mail         |     7 |     1 ||     8
Dodge: Dodged            |    54 |     3 ||    57
